 Dungeon Crawl Stone Soup version 0.20.1-1-g8b1a95d (webtiles) character file.

28888 keltmir the Grappler (level 13, -9/135 HPs)
             Began as a Grey Draconian Transmuter on Nov 12, 2017.
             Was the Champion of Makhleb.
             Mangled by a six-headed hydra (12 damage)
             ... on level 2 of the Lair of Beasts.
             The game lasted 01:14:57 (18632 turns).

keltmir the Grappler (Grey Draconian Transmuter)   Turns: 18632, Time: 01:15:00

Health: -9/135     AC:  7    Str: 19    XL:     13   Next: 12%
Magic:  21/23      EV: 13    Int: 22    God:    Makhleb [******]
Gold:   1099       SH:  0    Dex: 11    Spells: 10/25 levels left

rFire    . . .     SeeInvis .     - Unarmed
rCold    + + +     Gourm    .   (shield currently unavailable)
rNeg     . . .     Faith    .   (armour unavailable)
rPois    +         Spirit   .   (helmet currently unavailable)
rElec    .         Reflect  .   (cloak currently unavailable)
rCorr    .         Harm     .   (gloves currently unavailable)
MR       .....                  (boots currently unavailable)
Stlth    ++........             j - amulet "Jaf Ujyo" {RegenMP rPois rF+ Int+2}
Regen    0.4/turn               P - +5 ring of strength
MPRegen  0.3/turn               N - ring of the Postmodern Hells {Int+2 Stlth+}

@: ice-form
A: (walk through water), unfitting armour, AC +13
a: End Transformation, Minor Destruction, Lesser Servant of Makhleb, Major
Destruction, Greater Servant of Makhleb, Renounce Religion


You were on level 2 of the Lair of Beasts.
You worshipped Makhleb.
Makhleb was exalted by your worship.
You were not hungry.
You were a creature of crystalline ice.
You visited 3 branches of the dungeon, and saw 17 of its levels.

You collected 1099 gold pieces.

Inventory:

Hand Weapons
 A - a +0 blowgun
Missiles
 a - 179 arrows
 v - 58 poisoned needles
Jewellery
 g - a +2 ring of intelligence
 j - the amulet "Jaf Ujyo" (around neck) {RegenMP rPois rF+ Int+2}
   (You took it off a kobold on level 8 of the Dungeon)

   [amulet of magic regeneration]

   It increases your magic regeneration.
   It affects your intelligence (+2).
   It protects you from fire.
   It protects you from poison.
 M - an uncursed ring of stealth
 N - the ring of the Postmodern Hells (right front paw) {Int+2 Stlth+}
   (You found it on level 7 of the Dungeon)

   [ring of stealth]

   It affects your intelligence (+2).
   It makes you more stealthy.
 P - a +5 ring of strength (left front paw)
 Q - an uncursed ring of poison resistance
 Y - a +2 ring of evasion
Wands
 f - a wand of flame (27/48)
 h - a wand of disintegration (3/24)
 r - a wand of flame (21/48)
 w - a wand of lightning (4/15)
 x - a wand of polymorph (3/24)
 C - a wand of lightning (8/15)
 D - a wand of flame (20/48)
 F - a wand of disintegration (13/24)
 I - a wand of enslavement (4/24)
Scrolls
 e - 2 scrolls of teleportation
 i - 6 scrolls of amnesia
 n - a scroll of enchant weapon
 o - 3 scrolls of magic mapping
 z - a scroll of fog
 B - a scroll of enchant armour
 E - 2 scrolls of remove curse
 J - 3 scrolls of immolation {unknown}
 R - 2 scrolls of fear {unknown}
 U - a scroll of identify
 X - a scroll of recharging
Potions
 d - 3 potions of lignification
 l - a potion of berserk rage {unknown}
 p - a potion of might
 q - 3 potions of flight
 u - 3 potions of mutation
 G - a potion of resistance
 H - 2 potions of cancellation
 K - 4 potions of curing
 L - a potion of haste {unknown}
 V - a potion of invisibility {unknown}
Books
 b - a book of Changes

   Spells                             Type                      Level
   a - Beastly Appendage              Transmutation                1
   b - Sticks to Snakes               Transmutation                2
   c - Spider Form                    Transmutation/Poison         3
   d - Ice Form                       Ice/Transmutation            4
   e - Blade Hands                    Transmutation                5
 t - a Young Poisoner's Handbook

   Spells                             Type                      Level
   a - Sting                          Conjuration/Poison           1
   b - Poisonous Vapours              Poison/Air                   2
   c - Mephitic Cloud                 Conjuration/Poison/Air       3
   d - Olgreb's Toxic Radiance        Poison                       4
   e - Venom Bolt                     Conjuration/Poison           5
 y - a book of Air

   Spells                             Type                      Level
   a - Shock                          Conjuration/Air              1
   b - Swiftness                      Charms/Air                   2
   c - Static Discharge               Conjuration/Air              3
   d - Airstrike                      Air                          4
   e - Lightning Bolt                 Conjuration/Air              5
 T - a book of Misfortune

   Spells                             Type                      Level
   a - Confusing Touch                Hexes                        1
   b - Confuse                        Hexes                        3
   c - Gell's Gravitas                Translocation                3
   d - Petrify                        Transmutation/Earth          4
   e - Metabolic Englaciation         Hexes/Ice                    5
   f - Yara's Violent Unravelling     Hexes/Transmutation          5
 W - a book of Debilitation

   Spells                             Type                      Level
   a - Corona                         Hexes                        1
   b - Slow                           Hexes                        2
   c - Inner Flame                    Hexes/Fire                   3
   d - Portal Projectile              Hexes/Translocation          3
   e - Cause Fear                     Hexes                        4
   f - Leda's Liquefaction            Hexes/Earth                  4
Comestibles
 c - 6 bread rations
 k - 8 royal jellies
 m - 25 fruits
 s - 3 meat rations
 S - 7 chunks of flesh


   Skills:
 + Level 9.9 Fighting
 + Level 8.3 Dodging
 * Level 12.5 Unarmed Combat
 - Level 6.7 Spellcasting
 - Level 10.3 Transmutations
 + Level 7.7 Invocations


You had 10 spell levels left.
You knew the following spells:

 Your Spells              Type           Power        Failure   Level  Hunger
a - Beastly Appendage     Tmut           ######       1%          1    None
b - Spider Form           Tmut/Pois      ####......   3%          3    #......
c - Blade Hands           Tmut           ######....   3%          5    #####..
d - Ice Form              Ice/Tmut       ####....     10%         4    ###....
e - Swiftness             Chrm/Air       #.......     13%         2    None


Dungeon Overview and Level Annotations

Branches:
Dungeon (13/15)            Temple (1/1) D:4            Lair (3/6) D:9
 Shoals (0/4) Lair:2          Orc (0/2) D:11
  Snake: Lair:2-4    Spider: Lair:2-4    Vaults: D:13-14

Altars:
Ashenzari
Kikubaaqudgha
Makhleb
Nemelex Xobeh
Qazlal
Ru
Sif Muna
Trog
Vehumet
Yredelemnul
Zin
The Shining One

Portals:
Trove: D:12 (give horn of Geryon)

Annotations:
D:3 Grinder


Innate Abilities, Weirdness & Mutations

((You can walk through water.))
((Your dull iron-grey scales are very hard. (AC +13)))
You cannot fit into any form of body armour.
((You can survive without breathing.))
((You are cold-blooded and may be slowed by cold attacks.))


Message History

The six-headed hydra is no longer moving slowly.
You hit the six-headed hydra. You freeze the six-headed hydra.
The six-headed hydra is severely wounded.
The six-headed hydra bites you but does no damage.
The six-headed hydra bites you!
The six-headed hydra closely misses you.
The six-headed hydra bites you!
* * * LOW HITPOINT WARNING * * *
The six-headed hydra bites you!
* * * LOW HITPOINT WARNING * * *
The six-headed hydra bites you but does no damage.
Okay, then.
A demon appears!
The six-headed hydra bites you!
* * * LOW HITPOINT WARNING * * *
The six-headed hydra bites you.
* * * LOW HITPOINT WARNING * * *
The six-headed hydra bites you.
* * * LOW HITPOINT WARNING * * *
The six-headed hydra bites you!
You die...

.........................P.......
.................................
...........>.....................
.................................
..........................≈...≈..
.......................#≈≈≈≈.#≈..
.......................##≈.#≈##≈.
#..####.P#......D.#.....#≈..≈#...
####......Y.####..≈..>.≈...
#........## #...≈≈..#≈..
#.....4...# #..#≈.≈≈##≈.
#.........# #####.≈≈≈#≈.
#.........# #.≈.≈..≈≈..
#÷.......## ###P.......
##........# ###...... #.........#
##...... ##........# #.......


You could see a six-headed hydra and a friendly orange demon.

Vanquished Creatures
  A hydra (D:12)
  The ghost of Kaya the Grappler, a novice TrAK of Lugonu (D:9)
  Erica (D:12)
  3 two-headed ogres
  2 death yaks
  Urug (D:12)
  Nergalle (Lair:1)
  A wizard (D:12)
  An orc knight (D:12)
  An ugly thing (D:12)
  A cyclops (D:12)
  2 manticores
  A centaur zombie (D:12)
  An elephant (Lair:2)
  2 spiny frogs
  Joseph (D:7)
  A rime drake (Lair:2)
  An efreet (D:12)
  A komodo dragon (Lair:3)
  3 trolls
  A hornet (D:9)
  4 slime creatures (D:13)
  4 blink frogs
  9 hippogriffs
  A shadow (D:11)
  28 yaks
  Grum (D:8)
  A hungry ghost (D:12)
  5 water moccasins
  2 porcupines
  21 orc warriors
  2 ice beasts
  5 sky beasts
  A black bear (D:12)
  4 wolves
  3 necrophages
  5 ogres
  3 phantoms
  4 centaurs
  4 crocodiles
  3 big kobolds
  13 bullfrogs
  2 wyvern skeletons
  5 scorpions
  5 killer bees
  9 wights
  4 electric eels
  4 howler monkeys
  4 crimson imps
  3 bullfrog zombies
  A quasit (D:8)
  3 jellies
  2 centaur skeletons
  11 orc priests
  A bullfrog skeleton (D:11)
  16 hounds
  11 orc wizards
  Terence (D:3)
  3 iguanas
  11 worker ants
  A hound zombie (D:8)
  A hound skeleton (D:7)
  A worker ant zombie (D:8)
  4 howler monkey skeletons
  4 gnolls (D:5)
  11 adders
  2 shadow imps
  2 oozes
  2 adder zombies
  A dart slug (D:2)
  4 leopard geckos
  49 orcs
  5 giant cockroaches
  17 goblins
  7 hobgoblins
  14 jackals
  9 quokkas
  2 ball pythons
  A ball python skeleton (D:4)
  7 bats
  2 frilled lizards
  17 kobolds
  3 rats
  A butterfly (Lair:2)
414 creatures vanquished.

Vanquished Creatures (collateral kills)
  A necrophage (D:10)
1 creature vanquished.

Vanquished Creatures (others)
  A bush (Lair:2)
  2 fungi (Lair:2)
  A plant (Lair:2)
4 creatures vanquished.

Grand Total: 419 creatures vanquished

Notes
Turn   | Place    | Note
-------+----------+-------------------------------------------
     0 | D:1      | keltmir the Draconian Transmuter began the quest for the Orb.
     0 | D:1      | Reached XP level 1. HP: 16/16 MP: 3/3
   403 | D:2      | Reached XP level 2. HP: 23/23 MP: 3/5
   566 | D:2      | Reached XP level 3. HP: 23/28 MP: 4/6
   571 | D:2      | Learned a level 3 spell: Spider Form
  1026 | D:3      | Reached XP level 4. HP: 28/35 MP: 1/7
  1359 | D:3      | Noticed Grinder
  1866 | D:3      | Noticed Terence
  1872 | D:3      | Killed Terence
  1872 | D:3      | Reached skill level 5 in Transmutations
  1971 | D:4      | Reached XP level 5. HP: 29/40 MP: 5/8
  2379 | D:4      | Reached XP level 6. HP: 28/47 MP: 6/9
  2588 | D:4      | Learned a level 5 spell: Blade Hands
  2981 | D:5      | Entered Level 5 of the Dungeon
  3149 | D:5      | Found a radiant altar of Vehumet.
  3149 | D:5      | Found an ancient bone altar of Kikubaaqudgha.
  3157 | D:5      | Found a glowing golden altar of the Shining One.
  3167 | D:5      | Found a stormy altar of Qazlal.
  3169 | D:5      | Found a basalt altar of Yredelemnul.
  3709 | D:4      | Found a staircase to the Ecumenical Temple.
  3715 | Temple   | Entered the Ecumenical Temple
  3721 | Temple   | Became a worshipper of Makhleb the Destroyer
  4512 | D:6      | Your scales start taking on a dull iron-grey colour.
  4512 | D:6      | Reached XP level 7. HP: 46/52 MP: 7/10
  4512 | D:6      | Gained mutation: You can survive without breathing. [Grey Draconian growth]
  5563 | D:5      | Reached * piety under Makhleb
  5804 | D:6      | Found a sparkling altar of Nemelex Xobeh.
  5810 | D:6      | Reached skill level 4 in Unarmed Combat
  5949 | D:6      | Reached XP level 8. HP: 59/61 MP: 5/11
  6357 | D:7      | Found a transporter.
  6386 | D:7      | Noticed a manticore
  6401 | D:7      | Noticed a death knight
  6430 | D:7      | Reached skill level 5 in Unarmed Combat
  6531 | D:7      | Found a bloodstained altar of Trog.
  6641 | D:8      | Reached ** piety under Makhleb
  6648 | D:8      | Reached skill level 6 in Unarmed Combat
  6676 | D:8      | Noticed a hippogriff
  6839 | D:7      | Noticed Joseph
  6852 | D:7      | Killed Joseph
  6852 | D:7      | Reached XP level 9. HP: 33/72 MP: 7/12
  7381 | D:7      | Reached skill level 7 in Unarmed Combat
  7622 | D:8      | Reached skill level 5 in Fighting
  7647 | D:8      | Noticed Grum
  7667 | D:8      | Killed Grum
  8335 | D:8      | Noticed a troll
  8348 | D:8      | Killed a troll
  8348 | D:8      | Reached skill level 8 in Unarmed Combat
  8374 | D:8      | Reached *** piety under Makhleb
  8376 | D:8      | Got a coiled ruby amulet
  8682 | D:8      | Reached skill level 5 in Dodging
  9060 | D:9      | Reached XP level 10. HP: 81/83 MP: 16/16
  9121 | D:9      | Found a staircase to the Lair.
  9134 | D:9      | HP: 4/83 [electric eel/bolt of electricity (12)]
  9140 | D:10     | Entered Level 10 of the Dungeon
  9141 | D:10     | HP: 3/83 [leopard gecko (1)]
 10023 | D:8      | Identified the amulet "Jaf Ujyo" {RegenMP rPois rF+ Int+2} (You took it off a kobold on level 8 of the Dungeon)
 10053 | D:9      | Learned a level 4 spell: Ice Form
 10350 | D:10     | Noticed a two-headed ogre
 10750 | D:9      | Noticed Kaya's ghost (novice TrAK)
 10908 | D:9      | Killed Kaya's ghost
 10908 | D:9      | Reached skill level 9 in Unarmed Combat
 10908 | D:9      | Reached skill level 1 in Invocations
 11231 | D:9      | Reached skill level 5 in Spellcasting
 11467 | D:9      | Learned a level 2 spell: Swiftness
 11711 | D:9      | Noticed a two-headed ogre
 11767 | D:9      | Killed a two-headed ogre
 12218 | D:10     | Killed a two-headed ogre
 12259 | D:10     | Reached XP level 11. HP: 88/91 MP: 19/19
 12341 | D:11     | Reached **** piety under Makhleb
 12786 | D:11     | Reached skill level 10 in Unarmed Combat
 13133 | D:12     | Noticed a two-headed ogre
 13146 | D:11     | Killed a two-headed ogre
 13146 | D:11     | Reached skill level 10 in Transmutations
 13194 | D:12     | Reached ***** piety under Makhleb
 13198 | D:12     | Noticed Erica
 13345 | D:12     | Killed Erica
 13624 | D:11     | Found a staircase to the Orcish Mines.
 13880 | D:12     | Noticed an enchanted long sword
 13882 | D:12     | Noticed an orc knight
 13925 | D:12     | Killed an orc knight
 13932 | D:12     | Noticed Urug
 13959 | D:12     | Killed Urug
 13972 | D:12     | Noticed a wizard
 13983 | D:12     | Killed a wizard
 14089 | D:12     | Found a portal to a secret trove of treasure.
 14109 | D:12     | Reached skill level 5 in Invocations
 14112 | D:12     | Reached XP level 12. HP: 54/102 MP: 17/21
 14324 | D:12     | Reached skill level 11 in Unarmed Combat
 14443 | D:12     | Noticed a four-headed hydra
 14452 | D:12     | Killed a four-headed hydra
 14728 | D:12     | HP: 4/103 [orc warrior/trident (14)]
 14729 | D:12     | HP: 1/103 [orc warrior/trident (3)]
 15606 | D:13     | Noticed a vault guard
 15606 | D:13     | Noticed a vault guard
 15989 | D:7      | Found a transporter.
 16003 | D:7      | Got a shimmering brass ring
 16138 | D:7      | Identified the ring of the Postmodern Hells {Int+2 Stlth+} (You found it on level 7 of the Dungeon)
 16233 | Lair:1   | Entered Level 1 of the Lair of Beasts
 16888 | Lair:1   | Noticed Nergalle
 16892 | Lair:1   | Killed Nergalle
 16892 | Lair:1   | Reached skill level 12 in Unarmed Combat
 17308 | Lair:2   | Noticed a death yak
 17308 | Lair:2   | Noticed a death yak
 17343 | Lair:1   | Killed a death yak
 17616 | Lair:2   | Killed a death yak
 18040 | Lair:2   | Found a staircase to the Shoals.
 18098 | Lair:2   | Reached XP level 13. HP: 112/112 MP: 19/23
 18369 | Lair:2   | Reached ****** piety under Makhleb
 18632 | Lair:2   | HP: 5/135 [six-headed hydra (15)]
 18632 | Lair:2   | Mangled by a six-headed hydra

Skill      XL: |  1  2  3  4  5  6  7  8  9 10 11 12 |
---------------+-------------------------------------+-----
Transmutations | 3 4 5 6 7 8 9 10 | 10.3
Dodging        | 2 4 5 6 8 |  8.3
Fighting       | 2 4 5 6 8 9 |  9.9
Unarmed Combat | 4 6 8 9 10 12 | 12.5
Spellcasting   | 4 5 6 |  6.7
Invocations    | 2 5 7 |  7.7

Action                   |  1- 3 |  4- 6 |  7- 9 | 10-12 | 13-15 || total
-------------------------+-------+-------+-------+-------+-------++-------
Melee: Unarmed           |   115 |   149 |   295 |   589 |    45 ||  1193
       Tailslap          |    10 |     5 |    18 |    62 |     4 ||    99
       Headbutt          |     2 |       |       |       |       ||     2
       Kick              |     2 |       |       |     1 |       ||     3
       Punch             |       |       |     4 |    11 |     1 ||    16
 Fire: Blowgun           |       |       |    10 |    26 |       ||    36
 Cast: Beastly Appendage |     9 |       |       |     2 |       ||    11
       Spider Form       |     4 |    18 |     8 |       |       ||    30
       Blade Hands       |       |       |    32 |    66 |     6 ||   104
       Ice Form          |       |       |       |     1 |     1 ||     2
Invok: Lesser Servant of |       |       |       |     6 |     1 ||     7
 Abil: End Transformatio |       |       |     1 |       |       ||     1
  Use: Scroll            |     6 |     3 |     8 |     3 |       ||    20
       Potion            |       |       |     5 |     5 |     1 ||    11
 Stab: Sleeping          |       |     1 |       |     4 |       ||     5
       Distracted        |       |       |       |     1 |       ||     1
  Eat: Chunk             |     1 |     5 |    18 |    32 |     3 ||    59
       Bread ration      |       |     2 |     2 |       |       ||     4
       Fruit             |       |       |       |    16 |       ||    16
       Meat ration       |       |       |       |     1 |       ||     1
Armor: Skin              |    37 |    16 |    96 |   170 |    16 ||   335
Dodge: Dodged            |   124 |   128 |   220 |   398 |    22 ||   892
